 Dungeon Crawl Stone Soup version 0.19.5 (webtiles) character file.

484 vatarom the Zephyrmancer (level 7, 0/36 HPs)
             Began as a Tengu Air Elementalist on Mar 10, 2017.
             Was an Initiate of Vehumet.
             Slain by a hippogriff (2 damage)
             ... on level 4 of the Dungeon.
             The game lasted 00:10:26 (4103 turns).

vatarom the Zephyrmancer (Tengu Air Elementalist)   Turns: 4103, Time: 00:10:27

Health: 0/36       AC:  2    Str:  8    XL:     7   Next: 12%
Magic:  1/11       EV: 18    Int: 17    God:    Vehumet [......]
Gold:   179        SH:  0    Dex: 20    Spells: 4 memorised, 2 levels left

rFire  . . .     SeeInvis .     i - +0 rapier (protect)
rCold  . . .     Gourm    .     a - +0 robe
rNeg   . . .     Faith    .     (no shield)
rPois  .         Spirit   .     (helmet restricted)
rElec  .         Reflect  .     (no cloak)
rCorr  .         Harm     .     (no gloves)
MR     .....                    (boots unavailable)
Stlth  +++.......               h - amulet of regeneration
                                (no ring)
                                (no ring)

@: agile, repel missiles
A: beak, talons 3, able to fly 1
a: Fly, Renounce Religion


You were on level 4 of the Dungeon.
You worshipped Vehumet.
Vehumet was noncommittal.
You were hungry.

You visited 2 branches of the dungeon, and saw 5 of its levels.

You collected 179 gold pieces.

Inventory:

Hand Weapons
 d - a +3 dagger
 i - a +0 rapier of protection (weapon)
Armour
 a - a +0 robe (worn)
Jewellery
 h - an amulet of regeneration (around neck)
Scrolls
 e - 3 scrolls of identify
 j - a scroll of remove curse
Books
 b - a book of Air

   Spells                             Type                      Level
   a - Shock                          Conjuration/Air              1
   b - Swiftness                      Charms/Air                   2
   c - Repel Missiles                 Charms/Air                   2
   d - Static Discharge               Conjuration/Air              3
   e - Lightning Bolt                 Conjuration/Air              5
Comestibles
 c - 2 bread rations
 f - 4 chunks of flesh
 g - 4 fruits


   Skills:
 + Level 0.0 Fighting
 - Level 2.1 Dodging
 - Level 2.0 Stealth
 - Level 2.0 Spellcasting
 - Level 1.3 Conjurations
 - Level 10.2 Air Magic


You had 2 spell levels left.
You knew the following spells:

 Your Spells              Type           Power        Failure   Level  Hunger
a - Shock                 Conj/Air       ###.         1%          1    #......
b - Repel Missiles        Chrm/Air       ###...       3%          2    ###....
c - Swiftness             Chrm/Air       ###.....     3%          2    ###....
d - Static Discharge      Conj/Air       ###.....     8%          3    ###....


Dungeon Overview and Level Annotations

Branches:
Dungeon (4/15)             Temple (1/1) D:4

Altars:
Ashenzari
Cheibriados
Elyvilon
Fedhas
Gozag
Hepliaklqana
Kikubaaqudgha
Makhleb
Nemelex Xobeh
Qazlal
Ru
Sif Muna
Uskayaw
Vehumet
Xom
Yredelemnul
Zin

Shops:
D:4 [


Innate Abilities, Weirdness & Mutations

You have a beak for a mouth.
You have claws for feet.
You can fly.


Message History

The hippogriff misses you.
The hippogriff pecks you but does no damage.
The hippogriff claws you.
* * * LOW HITPOINT WARNING * * *
Casting: Static Discharge
Confirm with . or Enter, or press ? or * to list all spells.
Aiming: Shock
Press: ? - help, Shift-Dir - straight line, f/p - hippogriff
Aim: a hippogriff (almost dead)
The zap hits the hippogriff.
The hippogriff appears unharmed.
The hippogriff is almost dead.
The hippogriff bites you but does no damage.
The hippogriff pecks you!
* * * LOW HITPOINT WARNING * * *
The hippogriff closely misses you.
Unknown command.
It was a potion of agility.
You feel agile all of a sudden. The hippogriff bites you.
You die...

#.# ######...######.....>.### #.#
#...######.......... #.####
#....... #.......... #....#
#...... #####...... ##'##.##
#..... #####...... #......# #....
............ #......#
#...###+#######.....
#......#####..H.....# #.......<
###......#......@.....# #.#######
#........#............# #
#.########............# #.#
#....#.......#
#.########....#.<.......+....# .#
#........#....#.......###....##.#
#........#....#.................#
#.)......#....#.......#.#.#.#.#..
#........#....#..................


You could see a hippogriff.

Vanquished Creatures
  Eustachio (D:4)
  2 orc priests
  4 orc wizards
  6 adders
  2 oozes
  An adder skeleton (D:4)
  A worm (D:2)
  2 dart slugs
  4 leopard geckos
  14 orcs
  A ball python (D:4)
  7 bats
  6 giant cockroaches
  7 goblins
  11 hobgoblins
  4 jackals
  2 quokkas
  2 frilled lizards
  8 kobolds
  A quokka skeleton (D:4)
  9 rats
95 creatures vanquished.

Notes
Turn   | Place    | Note
-------+----------+-------------------------------------------
     0 | D:1      | vatarom the Tengu Air Elementalist began the quest for the Orb.
     0 | D:1      | Reached XP level 1. HP: 10/10 MP: 4/4
   144 | D:1      | Reached XP level 2. HP: 12/15 MP: 3/6
   309 | D:1      | Reached skill level 5 in Air Magic
   360 | D:1      | Learned a level 2 spell: Repel Missiles
   363 | D:1      | Learned a level 2 spell: Swiftness
   549 | D:1      | Reached XP level 3. HP: 19/19 MP: 3/7
  1045 | D:2      | Reached skill level 6 in Air Magic
  1218 | D:2      | Found a basalt altar of Yredelemnul.
  1429 | D:2      | Reached XP level 4. HP: 24/24 MP: 6/8
  1930 | D:2      | Found an opulent altar of Gozag.
  2124 | D:3      | Reached skill level 7 in Air Magic
  2225 | D:3      | Found a hazy altar of Hepliaklqana.
  2439 | D:3      | Gained mutation: You can fly. [Tengu growth]
  2439 | D:3      | Reached XP level 5. HP: 8/28 MP: 2/9
  2498 | D:3      | Learned a level 3 spell: Static Discharge
  2641 | D:3      | Found a white marble altar of Elyvilon.
  2643 | D:3      | Found a snail-covered altar of Cheibriados.
  2643 | D:3      | Found a basalt altar of Yredelemnul.
  2664 | D:3      | Found a shattered altar of Ashenzari.
  2668 | D:3      | Found a burning altar of Makhleb.
  2812 | D:3      | Reached skill level 8 in Air Magic
  3046 | D:4      | Found Usiown's Armour Boutique.
  3069 | D:4      | Noticed a hippogriff
  3346 | D:4      | Reached XP level 6. HP: 32/32 MP: 6/10
  3353 | D:4      | Reached skill level 9 in Air Magic
  3437 | D:4      | Found a staircase to the Ecumenical Temple.
  3448 | Temple   | Entered the Ecumenical Temple
  3655 | Temple   | Became a worshipper of Vehumet
  3985 | D:4      | Noticed Eustachio
  3994 | D:4      | Killed Eustachio
  3994 | D:4      | Reached skill level 10 in Air Magic
  3994 | D:4      | Reached XP level 7. HP: 22/36 MP: 1/11
  4103 | D:4      | Slain by a hippogriff

Skill      XL: |  1  2  3  4  5  6 |
---------------+-------------------+-----
Air Magic      | 5 6 7 8 10 | 10.2
Dodging        | |  2.1
Stealth        | |  2.0
Spellcasting   | |  2.0
Conjurations   | |  1.3

Action                   |  1- 3 |  4- 6 |  7- 9 || total
-------------------------+-------+-------+-------++-------
Melee: Unarmed           |     6 |       |       ||     6
       Peck              |     6 |     8 |       ||    14
       Dagger            |    22 |    19 |       ||    41
       Kick              |     2 |    14 |       ||    16
       Rapier            |       |    45 |       ||    45
 Cast: Shock             |    58 |    88 |     5 ||   151
       Repel Missiles    |     1 |       |       ||     1
       Static Discharge  |       |     4 |     2 ||     6
  Use: Scroll            |     3 |     5 |       ||     8
       Potion            |       |     1 |     1 ||     2
 Stab: Sleeping          |     1 |     8 |       ||     9
  Eat: Chunk             |     3 |     1 |       ||     4
       Bread ration      |       |     2 |       ||     2
Armor: Robe              |     5 |    25 |     3 ||    33
Dodge: Dodged            |    25 |    59 |     2 ||    86
